 Dungeon Crawl Stone Soup version 0.21.1-1-g345015f (webtiles) character file.

152 tev the Charmwright (level 5, -1/34 HPs)
             Began as a Halfling Skald on July 28, 2018.
             Slain by a centaur skeleton (4 damage)
             ... on level 4 of the Dungeon.
             The game lasted 00:24:58 (3680 turns).

tev the Charmwright (Halfling Skald)                Turns: 3680, Time: 00:24:59

Health: -1/34      AC:  6    Str: 11 (12) XL:     5   Next: 60%
Magic:  7/7        EV: 16    Int:  9 (11) God:
Gold:   240        SH:  0    Dex: 14 (15) Spells: 6/7 levels left

rFire    . . .     SeeInvis .   n - +0 dagger (flame)
rCold    . . .     Gourm    .   (shield restricted)
rNeg     . . .     Faith    .   b - +1 leather armour
rPois    .         Spirit   .   x - +0 helmet
rElec    .         Reflect  .   (no cloak)
rCorr    .         Harm     .   (no gloves)
MR       .....                  y - +0 pair of boots
Stlth    ++........             h - amulet of rage
HPRegen  0.11/turn              j - +1 ring of evasion
MPRegen  0.10/turn              (no ring)

@: no status effects
A: small, mutation resistance 1
a: Evoke Berserk Rage


You were on level 4 of the Dungeon.
You were not hungry.

You visited 1 branch of the dungeon, and saw 4 of its levels.

You collected 240 gold pieces.

Inventory:

Hand Weapons
 a - a +0 short sword
 n - a +0 dagger of flaming (weapon)
 u - a +3 dagger
Armour
 b - a +1 leather armour (worn)
 x - a +0 helmet (worn)
 y - a +0 pair of boots (worn)
Jewellery
 h - an amulet of rage (around neck)
 j - a +1 ring of evasion (left hand)
 q - a cursed amulet of inaccuracy {unknown}
Scrolls
 e - 5 scrolls of remove curse
 f - 3 scrolls of fog {unknown}
 g - a scroll of teleportation {unknown}
 k - 2 scrolls of enchant armour
 m - 6 scrolls of identify
 o - a scroll of noise {unknown}
 p - 2 scrolls of blinking {unknown}
 r - a scroll of immolation
 v - a scroll of enchant weapon {unknown}
 w - a scroll of random uselessness {unknown}
Potions
 i - 3 potions of curing
 l - 2 potions of lignification {unknown}
 s - a potion of might {unknown}
 t - a potion of degeneration
 z - 2 potions of heal wounds {unknown}
Books
 c - a book of Battle

   Spells                             Type                      Level
   a - Infusion                       Charms                       1
   b - Shroud of Golubria             Charms/Translocation         2
   c - Song of Slaying                Charms                       2
   d - Spectral Weapon                Hexes/Charms                 3
   e - Regeneration                   Charms/Necromancy            3
Comestibles
 d - 5 rations


   Skills:
 + Level 2.1 Fighting
 + Level 3.2 Short Blades
 + Level 2.2 Armour
 + Level 3.1 Dodging
 * Level 2.6 Stealth
 + Level 1.7 Spellcasting
 + Level 4.0 Charms


You had 6 spell levels left.
You knew the following spells:

 Your Spells              Type           Power        Failure   Level  Hunger
a - Infusion              Chrm           #...         9%          1    ##.....


Dungeon Overview and Level Annotations

Branches:
Dungeon (4/15)
 Temple: D:4-7

Altars:


Innate Abilities, Weirdness & Mutations

You are small and have problems with some larger weapons.
You are somewhat resistant to further mutation.


Message History

You hit the centaur skeleton. You burn the centaur skeleton.
The centaur skeleton is lightly damaged.
The centaur skeleton barely misses you. The centaur skeleton misses you.
It was a potion of degeneration.
There was something very wrong with that liquid.
You feel weakened.
You feel dopey.
You feel clumsy.
The centaur skeleton completely misses you.
It was a potion of curing.
You feel better.
The centaur skeleton hits you but does no damage.
You are too injured to fight recklessly!
The centaur skeleton closely misses you.
The centaur skeleton hits you but does no damage.
The centaur skeleton hits you.
* * * LOW HITPOINT WARNING * * *
You see here a throwing net.
The centaur skeleton closely misses you.
The centaur skeleton hits you.
* * * LOW HITPOINT WARNING * * *
The centaur skeleton hits you.
You die...

#....#...........
#####o#.##########
#..(..........
#.###)#.#####.
#o#<#.#.#
#.#)#.#.#
#o#.#.#.#
#Z#.#.#.#
#@#.#.#.#
#...#.#.# #####.#


You could see an orc wizard, an orc and a centaur skeleton.

Vanquished Creatures
  A worker ant (D:4)
  4 gnolls
  2 adders (D:2)
  An ooze (D:2)
  2 leopard geckos
  5 orcs (D:3)
  3 ball pythons
  7 bats
  3 giant cockroaches
  5 goblins
  6 hobgoblins
  2 jackals (D:1)
  A quokka (D:3)
  4 frilled lizards
  7 kobolds
  8 rats
61 creatures vanquished.

Notes
Turn   | Place    | Note
-------+----------+-------------------------------------------
     0 | D:1      | tev the Halfling Skald began the quest for the Orb.
     0 | D:1      | Reached XP level 1. HP: 14/14 MP: 3/3
    68 | D:1      | Reached XP level 2. HP: 19/19 MP: 4/4
   595 | D:1      | Reached skill level 4 in Charms
   648 | D:1      | Reached XP level 3. HP: 23/24 MP: 5/5
  1548 | D:2      | Reached skill level 1 in Stealth
  1548 | D:2      | Reached XP level 4. HP: 19/29 MP: 2/6
  2937 | D:4      | Reached XP level 5. HP: 28/34 MP: 7/7
  3680 | D:4      | Slain by a centaur skeleton

Skill      XL: |  1  2  3  4  5 |
---------------+----------------+-----
Charms         | 4 |  4.0
Fighting       | 2 |  2.1
Stealth        | 1 2 |  2.6
Armour         | 2 |  2.2
Short Blades   | 3 |  3.2
Dodging        | 3 |  3.1
Spellcasting   | |  1.7

Action                   |  1- 3 |  4- 6 || total
-------------------------+-------+-------++-------
Melee: Short sword       |    64 |       ||    64
       Dagger            |    74 |   162 ||   236
 Cast: Infusion          |     3 |       ||     3
  Use: Scroll            |       |     4 ||     4
       Potion            |       |     2 ||     2
 Stab: Sleeping          |       |     1 ||     1
  Eat: Ration            |     1 |     1 ||     2
       Chunk             |       |     2 ||     2
Armor: Leather armour    |    31 |    16 ||    47
Dodge: Dodged            |   126 |   112 ||   238
